 Dungeon Crawl Stone Soup version 0.28-a0-706-gf6f64a616a (webtiles) character file.

Game seed: 1190952209482660046

282 Crownlay the Chopper (level 6, -4/56 HPs)
             Began as a Hill Orc Fighter on Oct 24, 2021.
             Was an Initiate of Qazlal.
             Slain by Duvessa (6 damage)
             ... on level 4 of the Dungeon.
             The game lasted 00:04:53 (3226 turns).

Crownlay the Chopper (Hill Orc Fighter)             Turns: 3226, Time: 00:04:54

Health: -4/56      AC:  6    Str: 21    XL:     6   Next: 28%
Magic:  6/6        EV:  9    Int:  8    God:    Qazlal [......]
Gold:   111        SH:  4    Dex: 10    Spells: 5/5 levels left

rFire   . . .      SeeInvis .   a - +0 war axe
rCold   . . .      Faith    .   c - +0 buckler
rNeg    . . .      Spirit   .   b - +0 scale mail
rPois   .          Reflect  .   (no helmet)
rElec   .          Harm     .   (no cloak)
rCorr   .          Rampage  .   (no gloves)
Will    .....                   (no boots)
Stlth   ..........              (no amulet)
HPRegen 0.18/turn               (no ring)
MPRegen 0.10/turn               (no ring)

@: mighty, lethally poisoned (-4 -> -21)
A: no striking features
a: Renounce Religion


You were on level 4 of the Dungeon.
You worshipped Qazlal.
Qazlal was noncommittal.
You visited 1 branch of the dungeon, and saw 4 of its levels.

You collected 111 gold pieces.

Inventory:

Hand Weapons
 a - a +0 war axe (weapon)
Armour
 b - a +0 scale mail (worn)
 c - a +0 buckler (worn)
Jewellery
 h - a ring of ice
 j - a +4 ring of protection
Wands
 d - a wand of polymorph (11)
Scrolls
 e - a scroll of immolation {unknown}
 i - a scroll of summoning {unknown}
 k - a scroll of magic mapping {unknown}
 l - a scroll of blinking {unknown}
 o - 3 scrolls of identify {unknown}
 p - a scroll of noise {unknown}
 r - a scroll of enchant armour {unknown}
Potions
 f - a potion of brilliance {unknown}
 g - a potion of ambrosia
 m - 2 potions of magic {unknown}
 n - 2 potions of curing {unknown}
 q - a potion of resistance


   Skills:
 + Level 5.3 Fighting
 * Level 6.7 Axes
 - Level 3.2 Armour
 - Level 4.0 Shields


You had 5 spell levels left.
You didn't know any spells.
Your spell library was empty.

Dungeon Overview and Level Annotations

Branches:
Dungeon (4/15)
 Temple: D:4-7

Altars:
Gozag
Qazlal
Sif Muna

Annotations:
D:4 Dowan, Duvessa


Message History

Duvessa shouts!
Found a rapier.
Found a stone staircase leading down.
Dowan casts a spell.
Dowan blinks!
You slash Duvessa!
Duvessa is moderately wounded.
Duvessa hits you with a +4 rapier of venom.
You are poisoned.
You hit Duvessa.
Duvessa is heavily wounded.
You feel very sick.
Duvessa hits you with a +4 rapier of venom!
You are more poisoned.
Dowan gestures at Duvessa while chanting.
Duvessa seems to speed up.
You block Duvessa's attack.
You are too injured to fight recklessly!
You are too injured to fight recklessly!
You closely miss Duvessa.
Duvessa is heavily wounded.
You slash Dowan!
You feel extremely sick.
Duvessa hits you with a +4 rapier of venom.
You are more poisoned.
Dowan hits you with a +0 dagger.
* * * LOW HITPOINT WARNING * * *
You hit Duvessa.
Duvessa is severely wounded.
You hit Dowan.
* * * LOW HITPOINT WARNING * * *
You feel extremely sick. Duvessa barely misses you. Duvessa closely misses you.
Dowan casts a spell at you. The puff of frost misses you.
You closely miss Duvessa.
Duvessa is severely wounded.
You barely miss Dowan.
* * * LOW HITPOINT WARNING * * *
You feel very sick.
Duvessa hits you with a +4 rapier of venom.
You die...

#### ..# .## #.#
.....####.###########
#..Ze@............#
#..##e#.########..#
... #.#.# #..# .
..#.# #..# ##.#.#
#..#### #.#.# #..)...
.)..# ##.##### >..##
#.#.## #.###.###


You could see Duvessa (fast), Dowan and a hound skeleton.

Vanquished Creatures
  Eustachio (D:4)
  5 gnolls
  2 adders
  A worm (D:1)
  2 dart slugs
  4 orcs (D:3)
  4 ball pythons
  6 endoplasms
  3 giant cockroaches
  5 goblins (D:1)
  6 hobgoblins
  4 jackals
  3 bats
  4 frilled lizards
  12 kobolds
  7 rats
69 creatures vanquished.

Notes
Turn   | Place    | Note
-------+----------+-------------------------------------------
     0 | D:1      | Crownlay the Hill Orc Fighter began the quest for the Orb.
     0 | D:1      | Reached XP level 1. HP: 19/19 MP: 1/1
    49 | D:1      | Reached skill level 3 in Axes
   196 | D:1      | Reached XP level 2. HP: 27/27 MP: 2/2
   409 | D:1      | Reached XP level 3. HP: 33/33 MP: 3/3
   753 | D:1      | Reached skill level 4 in Axes
   892 | D:2      | Found a stormy altar of Qazlal.
   913 | D:1      | Reached XP level 4. HP: 9/40 MP: 4/4
  1323 | D:2      | Became a worshipper of Qazlal Stormbringer
  1749 | D:2      | Reached skill level 5 in Axes
  2156 | D:3      | Reached XP level 5. HP: 47/47 MP: 5/5
  2378 | D:3      | Found a shimmering blue altar of Sif Muna.
  2508 | D:3      | Found an opulent altar of Gozag.
  2574 | D:3      | Found a faded altar of an unknown god.
  3191 | D:4      | Noticed Eustachio
  3202 | D:4      | Killed Eustachio
  3203 | D:4      | Reached skill level 5 in Fighting
  3203 | D:4      | Reached skill level 6 in Axes
  3203 | D:4      | Reached XP level 6. HP: 56/56 MP: 6/6
  3217 | D:4      | Noticed Dowan
  3219 | D:4      | Noticed Duvessa
  3226 | D:4      | HP: 2/56 [poisoned by Duvessa]
  3226 | D:4      | Slain by Duvessa

Illustrated notes

Levels and vault maps discovered:
D:1:      saegor_arrival_simple_d, layout_basic
D:2:      layout_rooms, basic_altar
D:3:      kennysheep_six_static_rooms, layout_loops_ring,
          mainiacjoe_overflow_paths,
          nicolae_gozag_cash_rules_everything_around_me, serial_glass,
          glass_columns_a, glass_columns_b, shapermc_ecumenical_altar_ellora
D:4:      layout_loops_ring, marbit_many_paths, mainiacjoe_overflow_alcove_4,
          uniq_eustachio, uniq_grinder, uniq_duvessa

Skill      XL: |  1  2  3  4  5 |
---------------+----------------+-----
Axes           | 3 4 5 6 |  6.7
Fighting       | 4 5 |  5.3
Shields        | 4 |  4.0
Armour         | |  3.2

Action                   |  1- 3 |  4- 6 || total
-------------------------+-------+-------++-------
Melee: War axe           |    84 |   127 ||   211
  Use: Potion            |       |     2 ||     2
Armor: Scale mail        |    41 |    48 ||    89
Dodge: Dodged            |    51 |    66 ||   117
Block: Buckler           |    17 |    32 ||    49

Table legend: (Time is in decaauts)
 A = Elapsed time spent in this place.
 B = Non-inter-level travel time spent in this place.
 C = Inter-level travel time spent in this place.
 D = Time resting spent in this place.
 E = Time spent auto-exploring this place.
 F = Levels seen in this place.
 G = Mean time per level.
                   A        B        C        D        E       F      G
               +--------+--------+--------+--------+--------+-----+--------+
         Total |   3289 |   3175 |    114 |      0 |   2641 |   4 |  822.2 |
       Dungeon |   3289 |   3175 |    114 |      0 |   2641 |   4 |  822.2 |
               +--------+--------+--------+--------+--------+-----+--------+

Top non-repeatable levels by time:
     D:1: 1337 daAuts
     D:3: 1075 daAuts
     D:2: 752 daAuts
     D:4: 123 daAuts
